 Dungeon Crawl Stone Soup version 0.29-a0-1009-g60c99734e7 (webtiles) character file.

Game seed: 9378205885234378409

285 Manisian the Sneak (level 6, 0/29 HPs)
             Began as a Spriggan Enchanter on Aug 8, 2022.
             Slain by a water moccasin skeleton (3 damage)
             ... on level 3 of the Dungeon.
             The game lasted 00:11:32 (3599 turns).

Manisian the Sneak (Spriggan Enchanter)             Turns: 3599, Time: 00:11:32

Health: 0/29       AC:  6    Str:  4    XL:     6   Next: 7%
Magic:  12/12      EV: 18    Int: 17    God:
Gold:   161        SH:  0    Dex: 17    Spells: 4/12 levels left

rFire   . . .      SeeInvis +   a - +1 dagger
rCold   . . .      Faith    .   (no shield)
rNeg    + . .      Spirit   .   b - +0 robe
rPois   .          Reflect  .   (helmet restricted)
rElec   .          Harm     .   (no cloak)
rCorr   .          Rampage  .   (gloves unavailable)
Will    +....                   (boots unavailable)
Stlth   ++++......              h - amulet of the acrobat
HPRegen 0.09/turn               f - +4 ring of protection
MPRegen 0.13/turn               g - ring of positive energy

@: very quick
A: very small, no large weapons, unfitting armour, see invisible, speed 3
a: no special abilities


You were on level 3 of the Dungeon.
You visited 1 branch of the dungeon, and saw 3 of its levels.

You collected 161 gold pieces.

Inventory:

Hand Weapons
 a - a +1 dagger (weapon)
 l - the +8 arc blade {discharge, rElec}
   (You found it on level 2 of the Dungeon)

   It occasionally unleashes powerful arcs of lightning upon striking a foe.
   These may arc to other adjacent creatures (including the wielder, but dealing
   reduced damage to them) before grounding out.
   rElec:     It insulates you from electricity.
Armour
 b - a +0 robe (worn)
Jewellery
 f - a +4 ring of protection (left hand)
 g - a ring of positive energy (right hand)
 h - an amulet of the acrobat (around neck)
 m - a ring of ice
 n - a ring of protection from cold
 s - a +4 ring of protection
Scrolls
 p - a scroll of blinking {unknown}
 r - a scroll of enchant weapon {unknown}
Potions
 c - 2 potions of invisibility
 d - 2 potions of lignification
 e - a potion of cancellation
 i - a potion of heal wounds {unknown}
 j - a potion of might {unknown}
 k - a potion of berserk rage {unknown}
 o - a potion of curing {unknown}
 q - a potion of attraction
 t - a potion of mutation {unknown}


   Skills:
 + Level 0.5 Fighting
 + Level 2.0 Short Blades
 + Level 3.4 Dodging
 * Level 7.8 Stealth
 + Level 3.7 Spellcasting
 + Level 4.5 Hexes
 + Level 1.2 Ice Magic


You had 4 spell levels left.
You knew the following spells:

 Your Spells              Type           Power      Damage    Failure   Level
a - Ensorcelled Hibernat  Hex/Ice        26%        N/A       8%          2
b - Tukima's Dance        Hex            18%        N/A       8%          3
c - Dazzling Flash        Conj/Hex       20%        N/A       19%         3

Your spell library contained the following spells:

 Spells                   Type           Power      Damage    Failure   Level
 Confusing Touch          Hex            18%        N/A       8%          3
 Spider Form              Tmut/Pois      3%         N/A       43%         3
 Anguish                  Hex/Necr       5%         N/A       54%         4
 Summon Ice Beast         Ice/Summ       5%         N/A       77%         4
 Airstrike                Air            1%         2d(1-17)  85%         4
 Summon Lightning Spire   Summ/Air       3%         N/A       85%         4
 Summon Mana Viper        Hex/Summ       10%        N/A       87%         5
 Lightning Bolt           Conj/Air       1%         1d12      99%         5
 Monstrous Menagerie      Summ           1%         N/A       100%        7


Dungeon Overview and Level Annotations

Branches:
Dungeon (3/15)

Altars:

Shops:
D:3 [


Innate Abilities, Weirdness & Mutations

You are very small and have problems with some larger weapons.
You are too small for most types of armour.
You have supernaturally acute eyesight. (SInv)
You cover ground extremely quickly. (Speed+++)


Message History

You are too injured to fight recklessly!
You are too injured to fight recklessly!
You are too injured to fight recklessly!
You are too injured to fight recklessly!
You are too injured to fight recklessly!
You are too injured to fight recklessly!
You are too injured to fight recklessly!
You are too injured to fight recklessly!
You are too injured to fight recklessly!
Unknown command.
You hit the water moccasin skeleton.
The water moccasin skeleton is moderately damaged.
The water moccasin skeleton misses you. The ball python skeleton misses you.
The ball python skeleton closely misses you.
You hit the water moccasin skeleton but do no damage.
The water moccasin skeleton is moderately damaged.
The water moccasin skeleton bites you.
* * * LOW HITPOINT WARNING * * *
You barely miss the water moccasin skeleton.
The water moccasin skeleton is moderately damaged.
The water moccasin skeleton bites you.
* * * LOW HITPOINT WARNING * * *
The ball python skeleton closely misses you.
The ball python skeleton barely misses you.
You hit the water moccasin skeleton.
The water moccasin skeleton is moderately damaged.
The water moccasin skeleton closely misses you.
The ball python skeleton bites you but does no damage.
The ball python skeleton closely misses you.
The water moccasin skeleton bites you.
* * * LOW HITPOINT WARNING * * *
Unknown command.
Unknown command.
Unknown command.
Unknown command.
You hit the water moccasin skeleton.
The water moccasin skeleton is heavily damaged.
The ball python skeleton completely misses you. x2
The water moccasin skeleton bites you.
You die...

##.### #...<. #.. #.....
##########.# ##########
...........####.........
.........#......######..
...........###### #..
.........### #..
.........## #..
.......@..# #..
......Z.Z.# #(.
..........# ###
###.......# ##......#
#....?.# ###....# ######


You could see a ball python skeleton and a water moccasin skeleton.

Vanquished Creatures
  A necrophage (D:3)
  2 orc wizards (D:3)
  2 hound skeletons (D:3)
  3 gnolls (D:2)
  4 adders
  A worm (D:2)
  2 dart slugs
  5 orcs (D:3)
  5 ball pythons
  6 endoplasms
  7 giant cockroaches
  8 goblins
  A hobgoblin (D:2)
  3 jackals (D:3)
  5 quokkas
  A ball python zombie (D:3)
  4 bats
  3 frilled lizards
  5 kobolds
  4 rats
72 creatures vanquished.

Vanquished Creatures (others)
  An orc (D:3)
1 creature vanquished.

Grand Total: 73 creatures vanquished

Notes
Turn   | Place    | Note
-------+----------+-------------------------------------------
     0 | D:1      | Manisian the Spriggan Enchanter began the quest for the
                  | Orb.
     0 | D:1      | Reached XP level 1. HP: 9/9 MP: 5/5
   347 | D:1      | Found a faded altar of an unknown god.
   380 | D:1      | Reached XP level 2. HP: 5/13 MP: 7/7
   416 | D:1      | Learned a level 2 spell: Ensorcelled Hibernation
   833 | D:1      | Reached skill level 5 in Stealth
  1502 | D:1      | Reached XP level 3. HP: 16/16 MP: 8/8
  1506 | D:1      | Learned a level 3 spell: Tukima's Dance
  1555 | D:2      | Reached skill level 6 in Stealth
  1582 | D:2      | Reached XP level 4. HP: 21/21 MP: 0/9
  1586 | D:2      | Learned a level 3 spell: Dazzling Flash
  2007 | D:2      | Found the +8 arc blade {discharge, rElec}
  2374 | D:3      | Reached skill level 7 in Stealth
  2713 | D:3      | Found Qurghoo's Armour Boutique.
  2720 | D:3      | HP: 1/21 [orc wizard/magic dart (2)]
  2734 | D:3      | HP: 1/21 [/static electricity (1)]
  2735 | D:3      | Reached XP level 5. HP: 1/24 MP: 4/11
  3129 | D:3      | Reached skill level 1 in Ice Magic
  3586 | D:3      | Reached XP level 6. HP: 20/29 MP: 12/12
  3599 | D:3      | Slain by a water moccasin skeleton

Illustrated notes

Levels and vault maps discovered:
D:1:      lemuel_arrival_rhombus, layout_basic,
          hellmonk_ecumenical_altar_arch_garden
D:2:      layout_rooms
D:3:      layout_rooms, gup_sewer_entry_pipe, serial_shops, nicolae_square_shop,
          serial_undead, serial_undead_a, serial_undead_a, serial_undead_b,
          serial_undead_d, serial_undead_f

Skill      XL: |  1  2  3  4  5  6 |
---------------+-------------------+-----
Spellcasting   | 3 |  3.7
Stealth        | 5 6 7 |  7.8
Hexes          | 4 |  4.5
Dodging        | 3 |  3.4
Ice Magic      | 1 |  1.2
Short Blades   | 2 |  2.0
Fighting       | |  0.5

Action                   |  1- 3 |  4- 6 || total
-------------------------+-------+-------++-------
Melee: Dagger            |    66 |   136 ||   202
       Punch             |     1 |       ||     1
       Rapier            |       |    10 ||    10
 Cast: Ensorcelled Hiber |    17 |    32 ||    49
       Dazzling Flash    |       |     2 ||     2
  Use: Scroll            |     1 |     5 ||     6
       Potion            |       |     2 ||     2
 Stab: Sleeping          |    17 |    23 ||    40
       Invisible         |       |     3 ||     3
Armor: Robe              |     9 |    25 ||    34
Dodge: Dodged            |    55 |   192 ||   247

Table legend: (Time is in decaauts)
 A = Elapsed time spent in this place.
 B = Non-inter-level travel time spent in this place.
 C = Inter-level travel time spent in this place.
 D = Time resting spent in this place.
 E = Time spent auto-exploring this place.
 F = Levels seen in this place.
 G = Mean time per level.
                   A        B        C        D        E       F      G
               +--------+--------+--------+--------+--------+-----+--------+
         Total |   3017 |   2996 |     21 |    225 |   2167 |   3 | 1005.7 |
       Dungeon |   3017 |   2996 |     21 |    225 |   2167 |   3 | 1005.7 |
               +--------+--------+--------+--------+--------+-----+--------+

Top non-repeatable levels by time:
     D:1: 1257 daAuts
     D:3: 1118 daAuts
     D:2: 642 daAuts
